 Dungeon Crawl Stone Soup version 0.32-a0-900-g30fb1b0edc (webtiles) character file.

Game seed: 4716198911493433925

41159 Zebo the Severer (level 14, -6/110 HPs)
             Began as a Coglin Berserker on Apr 5, 2024.
             Was a High Priest of Trog.
             Shot with an arrow by Nessos (20 damage)
             ... on level 4 of the Lair of Beasts.
             The game lasted 00:17:31 (15482 turns).

Zebo the Severer (Coglin Berserker)                Turns: 15482, Time: 00:17:32

Health: -6/110     AC: 18    Str: 21    XL:     14   Next: 14%
Magic:  14/14      EV:  9    Int:  6    God:    Trog [*****.]
Gold:   823        SH:  0    Dex: 14    Spells: 13/13 levels left

rFire   + . .        P - +8 whip "Snakebite" {venom, curare, rPois, =f}
rCold   . . .        p - +6 broad axe "Bumena" {flame, rPois rF+ Str-2}
rNeg    . . .        O - +0 plate armour
rPois   +            M - +0 helmet
rElec   .            (no cloak)
rCorr   .            y - +0 pair of gloves
SInv    .            v - +0 pair of boots
Will    +....        (amulet unavailable) Stlth
                     (ring unavailable)
HPRegen 0.38/turn    (ring unavailable)
MPRegen 0.14/turn    (no gizmo)

%: no passive effects
@: lethally poisoned (-6 -> -41)
A: off-hand wielding, slow wielding, warmup strikes, no jewellery
a: Invent Gizmo, Renounce Religion, Berserk, Trog's Hand, Brothers in Arms


You were on level 4 of the Lair of Beasts.
You worshipped Trog.
Trog was extremely pleased with you.
You visited 3 branches of the dungeon, and saw 15 of its levels.
You also visited: Bailey.

You collected 823 gold pieces.

Inventory:

Hand Weapons
 a - a +1 flail of protection {Hans}
 c - a +0 broad axe of freezing
 p - the +6 broad axe "Bumena" (offhand) {flame, rPois rF+ Str-2}
   (Trog gifted it to you on level 10 of the Dungeon)

   Str-2:     It affects your strength (-2).
   rF+:       It protects you from fire.
   rPois:     It protects you from poison.
 w - the +12 spear "Kunipn" {antimagic, Will+ Str+4}
   (You found it on level 4 of the Dungeon)

   Str+4:     It affects your strength (+4).
   Will+:     It increases your willpower.
 A - the +8 hand axe of Ruination {flame, rElec Int-2 Dex+5 SInv}
   (Trog gifted it to you on level 3 of the Lair of Beasts)

   Int-2:     It affects your intelligence (-2).
   Dex+5:     It affects your dexterity (+5).
   rElec:     It insulates you from electricity.
   SInv:      It lets you see invisible.
 P - the +8 whip "Snakebite" (weapon) {venom, curare, rPois, =f}
   (You found it on level 1 of the Lair of Beasts)

   rPois:     It protects you from poison.
 S - a -1 demon whip of venom
Missiles
 n - 3 throwing nets {=f!f}
Armour
 v - a +0 pair of boots (worn)
 y - a +0 pair of gloves (worn)
 M - a +0 helmet (worn)
 N - a +1 pair of boots
 O - a +0 plate armour (worn)
 T - a +0 cloak
Wands
 b - a wand of acid (7)
 z - a wand of flame (24)
 H - a wand of iceblast (1)
 R - a wand of polymorph (7)
Scrolls
 d - 4 scrolls of revelation
 f - 2 scrolls of silence {!r!r}
 g - 2 scrolls of noise {!r}
 h - 2 scrolls of blinking {!r}
 j - 2 scrolls of poison {!r}
 k - 8 scrolls of teleportation {@r4}
 m - 7 scrolls of enchant weapon
 q - a scroll of vulnerability {!r!r}
 u - a scroll of immolation {!r!r}
 x - a scroll of amnesia
 E - 5 scrolls of enchant armour
Potions
 e - a potion of haste {unknown}
 i - a potion of enlightenment {unknown}
 l - a potion of resistance {unknown}
 o - 2 potions of magic {unknown}
 r - 3 potions of degeneration {unknown}
 t - a potion of curing {unknown}
 B - 2 potions of lignification {unknown}
 C - a potion of brilliance {unknown}
 D - 2 potions of might {unknown}
 F - a potion of heal wounds {@q2}
 G - 2 potions of cancellation {unknown}
 I - 4 potions of mutation {unknown}
 K - 2 potions of ambrosia {unknown}
 L - a potion of attraction {!q}


   Skills:
 + Level 10.1 Fighting
 * Level 17.9 Axes
 + Level 9.0 Armour
 + Level 9.0 Dodging


You had 13 spell levels left.
You didn't know any spells.
Your spell library was empty.

Dungeon Overview and Level Annotations

Branches:
Dungeon (10/15)            Temple (1/1) D:6            Lair (4/5) D:9
 Shoals (0/4) Lair:2        Snake (0/4) Lair:3        Slime (0/5) Lair:4
    Orc (0/2) D:9          Bailey (visited)

Altars:
Ashenzari
Cheibriados
Dithmenos
Elyvilon
Fedhas
Gozag
Hepliaklqana
Kikubaaqudgha
Makhleb
Nemelex Xobeh
Okawaru
Qazlal
Ru
Sif Muna
Trog
Uskayaw
Vehumet
Wu Jian
Xom
Yredelemnul
Zin
The Shining One
Beogh

Shops:
D:9 *

Annotations:
D:8 beogh
Lair:4 exclusion: oklob plant, Nessos


Innate Abilities, Weirdness & Mutations

You can wield a second weapon in your off-hand.
It takes a long time for you to wield or remove held weapons.
Your first few attacks do less damage.
You cannot equip rings or amulets.


Message History

Press: ? - help, Q - select action, (/) - cycle Shift-Dir - straight line, f - Nessos
Aim: Nessos, wielding a +3 longbow of flaming and wearing a +0 barding (fast, chance to affect: 64%) Nessos's mind is blasted!
The now-empty wand crumbles to dust.
You feel very sick.
Nessos shoots an arrow.
The arrow hits you! The arrow burns you.
Aiming: Iceblast
Press: ? - help, Q - select action, (/) - cycle Shift-Dir - straight line, f/p - Nessos
Aim: Nessos, wielding a +3 longbow of flaming and wearing a +0 barding (lightly wounded, fast)
The mass of ice explodes!
The iceblast engulfs Nessos.
You feel sick.
Nessos shoots an arrow.
The arrow hits you! The arrow burns you.
Aiming: Iceblast
Press: ? - help, Q - select action, (/) - cycle Shift-Dir - straight line, f/p - Nessos
Aim: Nessos, wielding a +3 longbow of flaming and wearing a +0 barding (moderately wounded, fast)
The mass of ice explodes!
The iceblast engulfs Nessos!
You feel sick.
Nessos shoots an arrow.
The arrow hits you.
You are more poisoned.
Nessos shoots an arrow.
The arrow hits you!
* * * LOW HITPOINT WARNING * * *
The arrow burns you.
* * * LOW HITPOINT WARNING * * *
Nessos shoots an arrow.
The arrow hits you!
* * * LOW HITPOINT WARNING * * *
The arrow burns you.
You are more poisoned.
* * * LOW HITPOINT WARNING * * *
Aiming: Iceblast
Press: ? - help, Q - select action, (/) - cycle Shift-Dir - straight line, f/p - Nessos
Aim: Nessos, wielding a +3 longbow of flaming and wearing a +0 barding (moderately wounded, fast)
The mass of ice explodes!
The iceblast engulfs Nessos!
* * * LOW HITPOINT WARNING * * *
You feel extremely sick.
Nessos shoots an arrow.
The arrow barely misses you.
The arrow hits the plant!!
The plant begins to die.
The arrow burns the plant.
Nessos shoots an arrow.
The arrow barely misses you.
The arrow hits the plant!!
The arrow burns the plant!
The plant looks as sick as possible!
Aiming: Iceblast
Press: ? - help, Q - select action, (/) - cycle Shift-Dir - straight line, f/p - Nessos
Aim: Nessos, wielding a +3 longbow of flaming and wearing a +0 barding (heavily wounded, fast)
The mass of ice explodes!
The iceblast engulfs Nessos!
* * * LOW HITPOINT WARNING * * *
You feel very sick.
You hear a bellow!
Nessos shoots an arrow.
The arrow hits you!
* * * LOW HITPOINT WARNING * * *
The arrow burns you.
You are more poisoned.
* * * LOW HITPOINT WARNING * * *
Nessos intently looks at you, slowly moving their tail.
Nessos shoots an arrow.
The arrow hits you!!
You die...

....... .......
$.?....#.....?.
.......
..............#
......
..............#
......
...............
..........PP?...
...........P.....
.....$...........
........@........
[....c...........
.........)........
..>................
....................
.........†..........
.#...............P..
##.)...............
#P........$.......


You could see Nessos (fast).

Vanquished Creatures
  2 hydras
  A centaur warrior (D:10)
  A catoblepas (Lair:2)
  Urug (Lair:2)
  Amaemon (Lair:2)
  3 skysharks
  A skeletal warrior (D:10)
  A deep elf zephyrmancer (D:10)
  An oklob plant (Lair:4)
  9 black mambas
  A merfolk siren (Lair:2)
  Joseph (D:7)
  4 cane toads
  An unseen horror (D:10)
  An orange demon (Lair:2)
  A rime drake (Lair:4)
  A kobold demonologist (D:9)
  9 komodo dragons
  2 polar bears
  A hornet (D:9)
  2 trolls (D:10)
  Grinder (D:4)
  21 blink frogs
  Sigmund (D:5)
  A wyvern (Lair:3)
  A shadow (D:10)
  46 yaks
  4 basilisks
  2 nagas (Lair:3)
  Menkaure (D:7)
  Edmund (D:5)
  3 acid dragons
  13 water moccasins
  Duvessa (D:6)
  An ice beast (D:4)
  6 orc warriors
  3 black bears
  4 ogres
  6 centaurs
  A phantom (D:5)
  3 kobold brigands
  A gnoll sergeant (D:5)
  7 bullfrogs
  5 scorpions
  11 wights
  Dowan (D:6)
  15 killer bees
  15 howler monkeys
  2 bombardier beetles
  2 jellies
  2 gnoll boudas
  4 hounds
  8 orc priests
  Jessica (D:3)
  5 iguanas
  2 sleepcaps
  Natasha (thrice) (D:4)
  13 orc wizards
  17 gnolls
  12 adders
  A river rat (D:9)
  2 ufetubi (D:7)
  3 dart slugs
  2 ribbon worms
  48 orcs
  6 bats
  6 endoplasms
  2 giant cockroaches
  15 goblins
  12 hobgoblins
  6 jackals
  5 quokkas
  5 ball pythons
  6 frilled lizards
  37 kobolds
  2 rats
449 creatures vanquished.

Vanquished Creatures (collateral kills)
  An orc warlord (Bailey)
  A goblin (Bailey)
2 creatures vanquished.

Grand Total: 451 creatures vanquished

Notes
Turn   | Place    | Note
-------+----------+-------------------------------------------
     0 | D:1      | Zebo the Coglin Berserker began the quest for the Orb.
     0 | D:1      | Reached XP level 1. HP: 18/18 MP: 1/1
   315 | D:1      | Reached XP level 2. HP: 16/24 MP: 2/2
   454 | D:1      | Reached skill level 4 in Axes
   454 | D:1      | Found a faded altar of an unknown god.
   525 | D:1      | Reached XP level 3. HP: 13/29 MP: 3/3
  1067 | D:2      | Reached ** piety under Trog
  1102 | D:2      | Reached XP level 4. HP: 34/35 MP: 4/4
  1108 | D:2      | Reached skill level 5 in Axes
  1916 | D:3      | Reached XP level 5. HP: 41/41 MP: 5/5
  2041 | D:3      | Reached skill level 6 in Axes
  2085 | D:3      | Noticed Jessica
  2091 | D:3      | Killed Jessica
  2512 | D:4      | Reached XP level 6. HP: 33/47 MP: 6/6
  2636 | D:4      | Identified the +12 spear "Kunipn" {antimagic, Will+ Str+4}
  2683 | D:4      | Noticed an ice beast
  2687 | D:4      | Killed an ice beast
  2688 | D:4      | Reached skill level 7 in Axes
  2712 | D:4      | Found a radiant altar of Vehumet.
  2726 | D:4      | Noticed Grinder
  2730 | D:4      | Paralysed by Grinder for 3 turns
  2738 | D:4      | Killed Grinder
  2739 | D:4      | Reached skill level 8 in Axes
  2739 | D:4      | Reached XP level 7. HP: 47/52 MP: 2/7
  2832 | D:4      | Reached *** piety under Trog
  2840 | D:4      | Noticed Natasha
  2850 | D:4      | Killed Natasha
  3052 | D:4      | Found a broken altar of Ashenzari.
  3228 | D:4      | Noticed Natasha
  3236 | D:4      | Killed Natasha
  3426 | D:4      | Noticed Natasha
  3436 | D:4      | Killed Natasha
  3634 | D:5      | Entered Level 5 of the Dungeon
  3642 | D:5      | Reached XP level 8. HP: 59/59 MP: 2/8
  3656 | D:5      | Identified the +2 robe of the Game of Kings {Dex+4}
  3718 | D:5      | Noticed Sigmund
  3724 | D:5      | Killed Sigmund
  3736 | D:5      | Reached skill level 3 in Armour
  3736 | D:5      | Reached skill level 3 in Dodging
  3758 | D:5      | Reached skill level 9 in Axes
  3795 | D:5      | Reached **** piety under Trog
  3894 | D:5      | Found a shimmering blue altar of Sif Muna.
  3897 | D:5      | Noticed Edmund
  3906 | D:5      | Killed Edmund
  3907 | D:5      | Reached XP level 9. HP: 60/66 MP: 3/9
  3995 | D:5      | Found a stormy altar of Qazlal.
  4078 | D:6      | Found a white marble altar of Elyvilon.
  4100 | D:6      | Noticed Dowan
  4179 | D:6      | Found a staircase to the Ecumenical Temple.
  4196 | Temple   | Entered the Ecumenical Temple
  4352 | D:6      | Reached skill level 10 in Axes
  4824 | D:6      | Noticed Duvessa
  4829 | D:6      | Killed Duvessa
  5080 | D:6      | Killed Dowan
  5100 | D:6      | Found a staircase to the Ecumenical Temple.
  5167 | D:6      | Found a white marble altar of Elyvilon.
  6251 | D:7      | Noticed Menkaure
  6256 | D:7      | Killed Menkaure
  6558 | D:7      | Noticed Joseph
  6571 | D:7      | Killed Joseph
  6572 | D:7      | Reached skill level 6 in Fighting
  6572 | D:7      | Reached skill level 11 in Axes
  6572 | D:7      | Reached XP level 10. HP: 18/76 MP: 3/10
  6912 | D:8      | Found a flagged portal.
  6940 | Bailey   | Entered a bailey
  6945 | Bailey   | Noticed an orc warlord
  7045 | Bailey   | Found a runed translucent gate.
  7046 | Bailey   | Found a runed translucent gate.
  7047 | Bailey   | Found a runed translucent gate.
  7177 | Bailey   | Killed an orc warlord
  7255 | Bailey   | Reached skill level 14 in Axes
  7255 | Bailey   | Reached XP level 11. HP: 83/83 MP: 3/11
  7381 | D:8      | Found a sparkling altar of Nemelex Xobeh.
  7531 | D:8      | Found a sacrificial altar of Ru.
  8550 | D:8      | Reached ***** piety under Trog
  8570 | D:8      | Found a roughly hewn altar of Beogh.
  8717 | D:9      | Reached skill level 15 in Axes
  8779 | D:9      | Reached skill level 6 in Armour
  8788 | D:9      | Reached skill level 6 in Dodging
  9052 | D:9      | Found a staircase to the Lair.
  9289 | D:9      | Found Umomiv's CLEARANCE SALE!.
  9539 | D:9      | Found a staircase to the Orcish Mines.
  9776 | D:10     | Entered Level 10 of the Dungeon
  9867 | D:10     | Reached XP level 12. HP: 61/91 MP: 4/12
 10606 | D:10     | Found a bloodstained altar of Trog.
 10903 | D:10     | Identified the +6 broad axe "Bumena" {flame, rPois rF+
                  | Str-2} (Trog gifted it to you on level 10 of the Dungeon)
 10903 | D:10     | Received a gift from Trog
 11002 | D:10     | Noticed a centaur warrior
 11012 | D:10     | Killed a centaur warrior
 11361 | Lair:1   | Entered Level 1 of the Lair of Beasts
 11534 | Lair:1   | Reached skill level 16 in Axes
 12078 | Lair:1   | Noticed a skyshark
 12083 | Lair:1   | Killed a skyshark
 12114 | Lair:1   | Reached XP level 13. HP: 92/99 MP: 4/13
 12290 | Lair:1   | Found the +8 whip "Snakebite" {venom, curare, rPois}
 12722 | Lair:2   | Found a staircase to the Shoals.
 12796 | Lair:2   | Noticed Urug
 12803 | Lair:2   | Killed Urug
 12862 | Lair:2   | Reached skill level 9 in Fighting
 12954 | Lair:2   | Noticed Amaemon
 12972 | Lair:2   | Killed Amaemon
 13201 | Lair:2   | Reached skill level 17 in Axes
 14047 | Lair:3   | Identified the +8 hand axe of Ruination {flame, rElec Int-2
                  | Dex+5 SInv} (Trog gifted it to you on level 3 of the Lair
                  | of Beasts)
 14047 | Lair:3   | Received a gift from Trog
 14691 | Lair:3   | Found a staircase to the Snake Pit.
 14946 | Lair:3   | Reached XP level 14. HP: 109/109 MP: 14/14
 15287 | Lair:4   | Found a staircase to the Slime Pits.
 15297 | Lair:4   | Noticed Nessos
 15306 | Lair:4   | HP: 5/110 [Nessos/arrow (2)]
 15323 | Lair:4   | Reached skill level 9 in Armour
 15325 | Lair:4   | Reached skill level 9 in Dodging
 15482 | Lair:4   | Shot with an arrow by Nessos

Illustrated notes

Levels and vault maps discovered:
D:1:      scummos_arrival_forest, layout_basic,
          hellmonk_ecumenical_altar_pennies_from_heaven, minmay_close_crescents
D:2:      layout_loops_cross, minmay_pentomino_x2
D:3:      layout_loops_cross, minmay_increasing_density, uniq_jessica
D:4:      corexii_shack_village, layout_cave_pods, nicolae_vehumet_radiance,
          nicolae_overflow_hidden_temple, uniq_grinder, uniq_natasha
D:5:      layout_basic, mainiacjoe_overflow_catch_the_wave, uniq_edmund,
          uniq_sigmund
D:6:      layout_basic, mainiacjoe_overflow_alcove_1, minmay_temple_entry_grid,
          serial_library_hellmonk_layered_room, uniq_duvessa
D:7:      layout_cave_pools, uniq_joseph, uniq_menkaure
D:8:      layout_layer_cave, lemuel_round_altar,
          nicolae_ru_great_annihilating_truth, enter_bailey_5, special_room
          [special_room_orc], minmay_quadrilaterals
D:9:      layout_cross, dpeg_lair_monsters, orc_0_dummy, minmay_misc_feat_five,
          nicolae_shop_clearance
D:10:     nzn_winding_woodlands_three_and_one
          [nzn_winding_woodlands_5x15_sawtooth,
          nzn_winding_woodlands_5x15_sidewinder,
          nzn_winding_woodlands_5x15_pockets,
          nzn_winding_woodlands_center_diamonds], layout_basic,
          mainiacjoe_overflow_tiny_flanked
Temple:   jpeg_temple_clearing
Lair:1:   minmay_guarded_unrand_snakebite, layout_loops_ring,
          serial_bayou_shore_a
Lair:2:   layout_roguey, minmay_shoals_entry_lonely_mermaid,
          infiniplex_staircase_pool_2, lemuel_fruit_fields, uniq_amaemon,
          uniq_urug
Lair:3:   layout_small_grid, guppyfry_snake_entry_garden, st_stairs_7,
          grunt_megastairs_4
Lair:4:   layout_hall_layers, slime_entry_1, gammafunk_ghost_icy,
          lemuel_fruit_fields, uniq_nessos

Skill      XL: |  1  2  3  4  5  6  7  8  9 10 11 12 13 14 |
---------------+-------------------------------------------+-----
Axes           | 4 5 6 8 9 11 14 15 16 17 | 17.9
Armour         | 2 3 5 6 7 8 9 |  9.0
Dodging        | 2 3 5 6 7 8 9 |  9.0
Fighting       | 4 6 7 8 9 10 | 10.1

Action                     |  1- 3 |  4- 6 |  7- 9 | 10-12 | 13-15 || total
---------------------------+-------+-------+-------+-------+-------++-------
  Melee: Hand axe          |    66 |    74 |       |       |       ||   140
         Dagger            |    55 |    29 |       |       |       ||    84
         Morningstar       |       |    56 |    17 |       |       ||    73
         Spear             |       |    13 |   213 |   431 |    18 ||   675
         Trident           |       |       |    25 |       |       ||    25
         Flail             |       |       |   102 |   230 |       ||   332
         Broad axe         |       |       |       |    90 |   210 ||   300
         Whip              |       |       |       |       |   174 ||   174
 Invoke: Berserk           |       |     1 |     1 |       |     1 ||     3
         Brothers in Arms  |       |       |       |     2 |       ||     2
         Trog's Hand       |       |       |       |     1 |     1 ||     2
  Evoke: Wand              |       |       |       |     9 |    24 ||    33
    Use: Scroll            |       |       |     9 |     3 |     6 ||    18
         Potion            |       |       |       |     1 |     2 ||     3
   Stab: Paralysed         |       |       |       |     2 |       ||     2
 Armour: Animal skin       |    23 |       |       |       |       ||    23
         Ring mail         |    11 |       |       |       |       ||    11
         Chain mail        |     9 |    69 |   110 |   144 |       ||   332
         Plate armour      |       |       |       |   166 |   159 ||   325
  Dodge: Dodged            |    58 |    33 |    71 |   158 |    66 ||   386

Table legend: (Time is in decaauts)
 A = Elapsed time spent in this place.
 B = Non-inter-level travel time spent in this place.
 C = Inter-level travel time spent in this place.
 D = Time resting spent in this place.
 E = Time spent auto-exploring this place.
 F = Levels seen in this place.
 G = Mean time per level.
                   A        B        C        D        E       F      G
               +--------+--------+--------+--------+--------+-----+--------+
         Total |  15387 |  14649 |    738 |   2095 |  10474 |  16 |  961.7 |
       Dungeon |  11005 |  10344 |    661 |   1339 |   7535 |  10 | 1100.5 |
        Temple |      1 |      1 |      0 |      0 |      0 |   1 |    1.0 |
          Lair |   4053 |   3977 |     76 |    756 |   2722 |   4 | 1013.2 |
        Bailey |    325 |    325 |      0 |      0 |    216 |   1 |  325.0 |
               +--------+--------+--------+--------+--------+-----+--------+

Top non-repeatable levels by time:
     D:6: 1704 daAuts
    D:10: 1528 daAuts
     D:8: 1433 daAuts
  Lair:3: 1303 daAuts
  Lair:1: 1273 daAuts
  Lair:2: 1266 daAuts
     D:4: 1165 daAuts
     D:7: 1119 daAuts
     D:9: 1117 daAuts
     D:1: 936 daAuts
     D:2: 848 daAuts
     D:3: 705 daAuts
     D:5: 447 daAuts
  Bailey: 325 daAuts
  Lair:4: 210 daAuts
